 Dungeon Crawl Stone Soup version 0.22-a0-407-gb098539 (webtiles) character file.

1147 KristoblXynda the Ruffian (level 8, -1/67 HPs)
             Began as a Troll Wizard on May 9, 2018.
             Slain by an orc
             ... wielding a +0 hand axe
              (4 damage)
             ... on level 6 of the Dungeon.
             The game lasted 00:07:45 (3269 turns).

KristoblXynda the Ruffian (Troll Wizard)            Turns: 3269, Time: 00:07:45

Health: -1/67      AC:  5    Str: 16    XL:     8   Next: 15%
Magic:  16/19      EV:  9    Int: 16    God:
Gold:   240        SH:  0    Dex:  8    Spells: 7/11 levels left

rFire    . . .     SeeInvis +     - Unarmed
rCold    . . .     Gourm    +   (no shield)
rNeg     . . .     Faith    .   a - +0 robe
rPois    .         Spirit   .   b - +0 hat
rElec    .         Reflect  .   r - scarf {repulsion}
rCorr    .         Harm     .   (gloves unavailable)
MR       .....                  (boots unavailable)
Stlth    +.........             (no amulet)
HPRegen  0.61/turn              n - ring of magical power
MPRegen  0.16/turn              v - ring of see invisible

@: repel missiles
A: large, unfitting armour, claws 3, fast metabolism 3, gourmand, regeneration
1, shaggy fur 1, tough skin 2
a: no special abilities


You were on level 6 of the Dungeon.
You were completely stuffed.

You visited 1 branch of the dungeon, and saw 5 of its levels.

You collected 240 gold pieces.

Inventory:

Armour
 a - a +0 robe (worn)
 b - a +0 hat (worn)
 r - a scarf of repulsion (worn)
Magical Staves
 s - an uncursed staff of energy
Jewellery
 n - a ring of magical power (left claw)
 v - a ring of see invisible (right claw)
Wands
 u - a wand of polymorph (5)
Scrolls
 e - 2 scrolls of fear {unknown}
 f - 2 scrolls of teleportation
 h - 4 scrolls of remove curse
 k - 2 scrolls of identify {unknown}
 l - 2 scrolls of magic mapping
 o - a scroll of immolation {unknown}
 t - a scroll of enchant weapon
 w - a scroll of fog {unknown}
 y - a scroll of torment {unknown}
Potions
 c - 2 potions of resistance {unknown}
 g - a potion of ambrosia {unknown}
 i - 2 potions of heal wounds {unknown}
 j - a potion of curing
 m - a potion of might {unknown}
 p - a potion of haste
 q - 2 potions of agility {unknown}
 x - a potion of lignification {unknown}
Comestibles
 d - 12 rations
 z - 6 chunks of flesh


   Skills:
 - Level 1.5 Dodging
 - Level 1.0 Stealth
 * Level 6.7 Unarmed Combat
 - Level 2.0 Spellcasting
 * Level 5.1 Conjurations
   Level 0.6 Summonings
   Level 0.6 Translocations


You had 7 spell levels left.
You knew the following spells:

 Your Spells              Type           Power        Failure   Level  Hunger
a - Magic Dart            Conj           ###.         2%          1    #......
b - Mephitic Cloud        Conj/Pois/Air  #.......     30%         3    ###....


Dungeon Overview and Level Annotations

Branches:
Dungeon (4/15)
 Temple: D:4-7

Altars:
Yredelemnul
The Shining One


Innate Abilities, Weirdness & Mutations

You are too large for most types of armour.
You have claws for hands.
Your metabolism is lightning-fast.
You like to eat raw meat.
Your natural rate of healing is unusually fast.
You are covered in fur. (AC +1)
You have very tough skin. (AC +2)


Message History

* * * LOW HITPOINT WARNING * * *
You claw the bullfrog zombie!
The bullfrog zombie is severely damaged.
The bullfrog zombie hits you but does no damage.
You scratch the bullfrog zombie.
The bullfrog zombie is almost destroyed.
The orc hits you with a hand axe.
* * * LOW HITPOINT WARNING * * *
The bullfrog zombie hits you.
* * * LOW HITPOINT WARNING * * *
Unknown command.
You claw the bullfrog zombie!
You destroy the bullfrog zombie!
The orc hits you with a hand axe.
* * * LOW HITPOINT WARNING * * *
Unknown command.
You scratch the orc but do no damage. The orc hits you but does no damage.
Unknown command.
You barely miss the orc. The orc hits you with a hand axe.
You die...

..≈≈≈≈≈≈≈....#
...≈≈≈≈≈≈≈...#
,,,≈≈≈≈≈≈≈...#
**,≈≈≈≈≈≈≈...#
**,,≈≈≈≈≈....####
*,,≈≈≈≈≈≈≈......#
*,,≈≈≈≈≈≈P...##.##
,,,,,≈≈≈≈P....#.o#
,,,,,≈≈≈≈PPZ...#@#
**,,,..≈Z≈≈P.....#
*,*,.P≈≈≈≈≈≈...##
*,,,..≈≈P≈≈≈≈##*
*,*,,.≈.:≈≈≈≈≈***
**,*,,,,,≈≈≈≈≈≈≈≈**
,,,**,,,,.≈.≈≈≈≈≈≈**
*******,,..%≈≈*≈*≈≈*
**,,,,,≈****≈*


You could see an orc.

Vanquished Creatures
  Grinder (D:4)
  Eustachio (D:4)
  An orc warrior (D:6)
  A phantom (D:4)
  3 bullfrogs (D:6)
  The ghost of dstrtnsr the Chopper, a weakling MiBe of Trog (D:4)
  An electric eel (D:6)
  A crimson imp (D:6)
  A bullfrog zombie (D:6)
  A bullfrog skeleton (D:6)
  An orc wizard (D:6)
  3 worker ants
  Robin (D:2)
  2 adders (D:2)
  2 worms
  5 leopard geckos
  15 orcs
  4 ball pythons
  5 giant cockroaches
  17 goblins
  10 hobgoblins
  10 jackals
  7 kobolds
  A quokka (D:6)
  6 bats
  3 frilled lizards
  A jackal skeleton (D:6)
  2 leopard gecko skeletons (D:4)
  10 rats
117 creatures vanquished.

Vanquished Creatures (collateral kills)
  An orc (D:6)
1 creature vanquished.

Grand Total: 118 creatures vanquished

Notes
Turn   | Place    | Note
-------+----------+-------------------------------------------
     0 | D:1      | KristoblXynda the Troll Wizard began the quest for the Orb.
     0 | D:1      | Reached XP level 1. HP: 16/16 MP: 2/2
    53 | D:1      | Reached skill level 1 in Conjurations
    71 | D:1      | Reached skill level 1 in Unarmed Combat
    93 | D:1      | Reached XP level 2. HP: 17/24 MP: 4/4
   417 | D:1      | Reached XP level 3. HP: 29/31 MP: 5/5
   554 | D:1      | Reached skill level 2 in Unarmed Combat
   867 | D:2      | Noticed Robin
   884 | D:2      | Killed Robin
   884 | D:2      | Reached XP level 4. HP: 16/39 MP: 6/6
  1508 | D:3      | Reached skill level 3 in Unarmed Combat
  2281 | D:4      | Noticed Grinder
  2346 | D:4      | Killed Grinder
  2346 | D:4      | Reached skill level 4 in Unarmed Combat
  2346 | D:4      | Reached XP level 5. HP: 45/45 MP: 6/7
  2346 | D:4      | Reached XP level 6. HP: 53/53 MP: 6/8
  2678 | D:4      | Noticed dstrtnsr's ghost (weakling MiBe)
  2686 | D:4      | Killed dstrtnsr's ghost
  2778 | D:4      | Learned a level 3 spell: Mephitic Cloud
  2791 | D:4      | Found a glowing golden altar of the Shining One.
  2795 | D:4      | Noticed Eustachio
  2846 | D:4      | Killed Eustachio
  2846 | D:4      | Reached skill level 5 in Unarmed Combat
  2846 | D:4      | Reached XP level 7. HP: 53/59 MP: 9/9
  2899 | D:4      | You fall through a shaft for 2 floors!
  3017 | D:6      | Found a basalt altar of Yredelemnul.
  3040 | D:6      | Reached skill level 6 in Unarmed Combat
  3059 | D:6      | Reached XP level 8. HP: 16/67 MP: 10/10
  3164 | D:6      | Reached skill level 5 in Conjurations
  3267 | D:6      | HP: 2/67 [orc/hand axe (4)]
  3269 | D:6      | Slain by an orc

Vault maps used:
D:1:      dpeg_arrival_tiny_k
D:2:      minmay_misc_feat_enclosed, hangedman_decor_growths, minivault_19,
          uniq_robin
D:3:      wad_crossroads
D:4:      kennysheep_mini, temple_hall, serial_shops, nicolae_shop_behind_doors,
          uniq_blork_the_orc, uniq_eustachio, uniq_grinder
D:6:      nicolae_overflow_crystal_walls, chequers_big_river

Skill      XL: |  1  2  3  4  5  6  7  8 |
---------------+-------------------------+-----
Conjurations   | 1 2 3 4 5 |  5.1
Unarmed Combat | 1 2 4 5 6 |  6.7
Dodging        | |  1.5
Stealth        | |  1.0
Spellcasting   | |  2.0
Summonings     | |  0.6
Translocations | |  0.6

Action                   |  1- 3 |  4- 6 |  7- 9 || total
-------------------------+-------+-------+-------++-------
Melee: Unarmed           |   126 |   147 |    90 ||   363
       Punch             |       |     2 |     2 ||     4
 Cast: Mephitic Cloud    |       |       |     4 ||     4
  Use: Potion            |       |       |     2 ||     2
       Scroll            |       |       |     4 ||     4
 Stab: Sleeping          |     2 |     1 |       ||     3
       Confused          |       |       |     4 ||     4
  Eat: Chunk             |    14 |    11 |    11 ||    36
Armor: Robe              |    58 |    34 |    39 ||   131
       Skin              |       |     1 |       ||     1
Dodge: Dodged            |    65 |    46 |    51 ||   162
       Deflected         |       |       |     3 ||     3

Table legend:
 A = Spawn XP
 B = Non-spawn XP
 C = Spawn XP percentage of total XP
 D = Spawn monster count
 E = Non-spawn monster count
 F = Spawn count percentage of total count
 G = Total turns spent on level
                    A         B        C        D         E        F      G
               +---------+---------+-------+---------+---------+-------+---------
         Total |       0 |    1639 |   0.0 |       0 |     118 |   0.0 |  3269
               +---------+---------+-------+---------+---------+-------+---------
           D:1 |       0 |      63 |   0.0 |       0 |      37 |   0.0 |   738
           D:2 |       0 |      86 |   0.0 |       0 |      26 |   0.0 |   698
           D:3 |       0 |      35 |   0.0 |       0 |      16 |   0.0 |   826
           D:4 |       0 |     712 |   0.0 |       0 |       7 |   0.0 |   637
           D:6 |       0 |     743 |   0.0 |       0 |      32 |   0.0 |   370
               +---------+---------+-------+---------+---------+-------+---------
